AoeStats
← sneakjacks0n

Arabia

509765690Analyzed
2v2 RM · 4d ago on Sep 27, 2026· 79m 0s· 4 players
Game mode
Random Map
Map size
Medium (4 player)
Population
200
Speed
Normal
Resources
Standard
Victory
Conquest
Starting age
Dark Age
Ending age
Imperial Age
RankedLock teamsTeams togetherTeam positionsShared explorationLock speedFull tech treeHidden civsTurbo modeCheats
Victory
Defeat
🇺🇸 Danes · United States
837
+18
🇺🇸 Varangians · United States
834
+18
🇦🇷 Romans · Argentina
883
-18
🇦🇷 Hindustanis · Argentina
883
-18
Duque_LAV
6:14 Loom
10:06 Feudal Age
11:11 Double-Bit Axe
18:31 Town Watch
21:14 Castle Age
19:43 Horse Collar
21:07 Stone Mining
21:49 Town Watch
21:28 Elite Skirmisher
24:23 Gold Mining
26:38 Wheelbarrow
28:27 Scale Mail Armor
29:31 Forging
29:58 Bow Saw
31:27 Gold Shaft Mining
32:59 Iron Casting
40:02 Imperial Age
37:56 Hand Cart
38:45 Bloodlines
40:12 Hand Cart
40:24 Heavy Camel Rider
46:37 Scale Barding Armor
49:48 Two-Man Saw
51:54 Heavy Plow
54:02 Stone Shaft Mining
56:12 Chain Barding Armor
56:58 Imperial Camel Rider
58:14 Conscription
58:59 Blast Furnace
66:14 Ballistics
66:57 Chemistry
66:18 Ballistics
69:48 Padded Archer Armor
69:39 Fletching
70:52 Pikeman
71:22 Light Cavalry
75:49 Hussar
MODRED
3:55 Loom
11:12 Feudal Age
11:44 Double-Bit Axe
11:45 Horse Collar
12:49 Town Watch
12:35 Man-at-Arms
13:17 Stone Mining
14:29 Scale Mail Armor
22:25 Gold Mining
25:32 Castle Age
25:34 Forging
25:44 Long Swordsman
26:26 Squires
26:46 Chain Mail Armor
26:46 Bow Saw
27:32 Heavy Plow
29:19 Wheelbarrow
33:53 Ballistas
35:52 Ballistics
35:43 Fortified Wall
35:52 Hand Cart
39:54 Imperial Age
38:34 Fletching
40:35 Hand Cart
42:24 Conscription
54:13 Legionary
55:01 Heavy Scorpion
56:10 Legionary
68:13 Pikeman
70:03 Scale Barding Armor
71:15 Husbandry
72:55 Light Cavalry
73:48 Bloodlines
75:47 Crop Rotation
sneakjacks0n
6:41 Loom
6:46 Loom
9:19 Feudal Age
10:23 Double-Bit Axe
11:19 Man-at-Arms
11:53 Arson
13:56 Horse Collar
18:41 Scale Mail Armor
22:29 Castle Age
21:51 Forging
23:46 Bow Saw
23:42 Fletching
23:46 Long Swordsman
24:04 Elite Skirmisher
25:24 Padded Archer Armor
25:22 Bodkin Arrow
25:28 Padded Archer Armor
26:32 Padded Archer Armor
28:50 Squires
32:30 Gambesons
35:03 Thumb Ring
35:24 Ballistics
35:00 Murder Holes
37:48 Heavy Plow
42:14 Imperial Age
42:18 Hamask
43:40 Conscription
44:28 Chain Mail Armor
45:08 Two-Handed Swordsman
45:40 Capped Ram
47:24 Champion
49:13 Siege Ram
49:17 Champion
49:40 Northmen's Fury
53:01 Chemistry
51:47 Arrowslits
54:52 Plate Mail Armor
54:58 Iron Casting
54:24 Bracer
58:12 Blast Furnace
59:38 Siege Engineers
63:08 Leather Archer Armor
78:35 Northmen's Fury
nomadiccoder
6:57 Loom
9:52 Feudal Age
10:27 Double-Bit Axe
12:53 Horse Collar
16:17 Fletching
16:28 Padded Archer Armor
21:00 Castle Age
19:45 Gold Mining
21:47 Bodkin Arrow
21:55 Crossbowman
22:58 Bow Saw
23:56 Heavy Plow
26:03 Wheelbarrow
25:14 Town Watch
26:07 Bloodlines
25:57 Husbandry
27:30 Leather Archer Armor
27:27 Forging
28:15 Ballistics
32:48 Scale Barding Armor
35:43 Iron Casting
35:29 Chain Barding Armor
46:35 Vendel Legacy
50:39 Imperial Age
48:26 Hand Cart
50:49 Cavalier
52:33 Blast Furnace
52:09 Plate Barding Armor
52:02 Conscription
51:24 Elite Jarl
53:02 Town Patrol
52:24 Gothikon
54:10 Chemistry
53:08 Murder Holes
53:11 Stone Mining
53:58 Bracer
53:59 Scale Mail Armor
55:13 Treadmill Crane
55:06 Heavy Mounted Crossbowman
55:07 Cranequins
55:09 Elite Skirmisher
57:14 Light Cavalry
58:06 Elite Varangian Guard
58:33 Arson
58:34 Gambesons
58:49 Squires
60:24 Ring Archer Armor
59:55 Scale Mail Armor
63:27 Pikeman
66:54 Hussar
69:46 Halberdier
72:11 Chain Mail Armor
74:50 Guard Tower
79:15 Fortified Wall
79:16 Masonry
79:14 Siege Engineers
Connection lost

Rejoining the realm…

Still unreachable

The connection could not be restored.

Session expired

The server has moved on; the page needs a fresh start.